 Dungeon Crawl Stone Soup version 0.25-a0-1133-g93ebf739aa (webtiles) character file.

Game seed: 10310944758069939100, levelgen mode: deterministic

345 Gynju the Digger (level 6, -3/32 HPs)
             Began as a Gargoyle Earth Elementalist on May 22, 2020.
             Slain by Sigmund
             ... wielding a +2 scythe of flaming
              (5 damage)
             ... on level 3 of the Dungeon.
             The game lasted 00:04:31 (3755 turns).

Gynju the Digger (Gargoyle Earth Elementalist)      Turns: 3755, Time: 00:04:32

Health: -3/32      AC:  6    Str: 11    XL:     6   Next: 58%
Magic:  10/12      EV: 12    Int: 18    God:
Gold:   33         SH:  0    Dex: 10    Spells: 3/14 levels left

rFire    . . .     SeeInvis .   q - +3 mace
rCold    . . .     Gourm    .   (no shield)
rNeg     + . .     Faith    .   c - +0 robe
rPois    ∞         Spirit   .   (no helmet)
rElec    +         Reflect  .   (no cloak)
rCorr    .         Harm     .   (no gloves)
MR       .....                  (no boots)
Stlth    ++........             (no amulet)
HPRegen  0.10/turn              (no ring)
MPRegen  0.13/turn              (no ring)

@: no status effects
A: negative energy resistance 1, electricity resistance, unbreathing,
petrification resistance, rot immunity, AC +4
a: no special abilities


You were on level 3 of the Dungeon.
You were not hungry.

You visited 1 branch of the dungeon, and saw 4 of its levels.

You collected 33 gold pieces.

Inventory:

Hand Weapons
 n - a +0 short sword
 q - a +3 mace (weapon)
Missiles
 b - 33 stones
 l - 3 silver javelins (quivered)
Armour
 c - a +0 robe (worn)
Jewellery
 f - an uncursed ring of protection from fire
Scrolls
 a - a scroll of teleportation {unknown}
 e - a scroll of fog {unknown}
 g - 2 scrolls of remove curse {@r2}
 i - 2 scrolls of enchant armour {unknown}
 j - 2 scrolls of identify {unknown}
 k - 2 scrolls of amnesia {unknown}
Potions
 h - a potion of lignification {unknown}
 m - a potion of resistance {unknown}
 o - a potion of stabbing {unknown}
Comestibles
 d - 5 rations


   Skills:
 - Level 1.5 Dodging
 - Level 2.1 Stealth
 + Level 4.5 Spellcasting
 - Level 0.7 Transmutations
 + Level 6.6 Earth Magic


You had 3 spell levels left.
You knew the following spells:

 Your Spells              Type           Power        Failure   Level  Hunger
a - Sandblast             Erth           ####..       1%          1    None
b - Stone Arrow           Conj/Erth      ###...       11%         3    ###....
c - Passwall              Tmut/Erth      ###.....     4%          2    #......
d - Lee's Rapid Deconstr  Erth           ####......   26%         5    ######.

Your spell library contained the following spells:

 Spells                   Type           Power        Failure   Level  Hunger
 Petrify                  Tmut/Erth      ###.....     30%         4    ####...


Dungeon Overview and Level Annotations

Branches:
Dungeon (4/15)
 Temple: D:4-7

Altars:

Annotations:
D:3 Sigmund
D:4 exclusions: orc wizard and slave, Pikel


Innate Abilities, Weirdness & Mutations

You are resistant to torment.
Your stone body is resilient. (AC +4)
You are immune to poison.
You resist negative energy. (rN+)
You are resistant to electric shocks. (rElec)
You can survive without breathing.
You are immune to petrification.
You are immune to rotting.


Message History

Confirm with . or Enter, or press ? or * to list all spells.
You can't see any susceptible monsters within range! (Use Z to cast anyway.)
You barely miss something.
You hear some strange, mumbled words.
A magic dart appears from out of thin air!
The magic dart hits you! Something hits you but does no damage.
You miss something.
You hear some strange, mumbled words.
Something tries to affect you, but you resist.
You closely miss something. Something hits you but does no damage.
You closely miss something. Something hits you but does no damage.
You closely miss something.
You hear some strange, mumbled words.
A magic dart appears from out of thin air!
The magic dart hits you.
You miss something. Something hits you! Something burns you.
You barely miss something. Something hits you!
* * * LOW HITPOINT WARNING * * *
Something burns you.
You die...

#.......# #.......#. #
#......). ## #.......#
####.
###.......#######.#
#....
...............##.#
##.###
...............##.#
##..#
..........{....##.#
#..##
..........@>...##.#
#.##
...#######.....##.###.#
.....?###).....#.##..#
#..........#....##
#####..........###
#...)....#...##
#.............####
##......#.###.....
#..####.#..###....


There were no monsters in sight!

Vanquished Creatures
  Grinder (D:3)
  6 adders
  3 worms (D:2)
  A dart slug (D:2)
  A leopard gecko (D:1)
  An orc (D:2)
  A giant cockroach (D:2)
  5 goblins (D:2)
  10 hobgoblins
  10 jackals
  5 kobolds
  2 quokkas
  A ball python (D:2)
  13 bats
  3 frilled lizards
  5 rats
68 creatures vanquished.

Notes
Turn   | Place    | Note
-------+----------+-------------------------------------------
     0 | D:1      | Gynju the Gargoyle Earth Elementalist began the quest for
                  | the Orb.
     0 | D:1      | Reached XP level 1. HP: 10/10 MP: 3/3
   379 | D:1      | Reached XP level 2. HP: 9/15 MP: 0/5
   513 | D:1      | Reached skill level 4 in Earth Magic
  1187 | D:2      | Reached XP level 3. HP: 15/19 MP: 1/7
  1875 | D:2      | Reached XP level 4. HP: 15/24 MP: 6/8
  2251 | D:2      | Reached skill level 5 in Earth Magic
  2608 | D:3      | Noticed Grinder
  2782 | D:4      | Noticed Pikel
  2782 | D:4      | Noticed a slave
  2782 | D:4      | Noticed a slave
  3202 | D:3      | Reached XP level 5. HP: 27/28 MP: 10/10
  3332 | D:3      | Paralysed by Grinder for 6 turns
  3341 | D:3      | Killed Grinder
  3341 | D:3      | Reached skill level 6 in Earth Magic
  3341 | D:3      | Reached XP level 6. HP: 12/32 MP: 6/12
  3561 | D:3      | Learned a level 3 spell: Stone Arrow
  3564 | D:3      | Learned a level 2 spell: Passwall
  3570 | D:3      | Learned a level 5 spell: Lee's Rapid Deconstruction
  3626 | D:3      | Found a faded altar of an unknown god.
  3721 | D:3      | Noticed Sigmund
  3755 | D:3      | Slain by Sigmund

Illustrated notes

Levels and vault maps discovered:
D:1:      heliophobic_arrival_henge, layout_basic
D:2:      layout_basic
D:3:      minmay_evil_eye, layout_rooms, first_ration,
          chequers_ecumenical_altar_simple_redux, uniq_sigmund, uniq_grinder
D:4:      layout_loops_ring, xom_redecorated, uniq_pikel, uniq_robin

Skill      XL: |  1  2  3  4  5 |
---------------+----------------+-----
Earth Magic    | 4 5 6 |  6.6
Spellcasting   | 3 4 |  4.5
Dodging        | |  1.5
Stealth        | |  2.1
Transmutations | |  0.7

Action                   |  1- 3 |  4- 6 || total
-------------------------+-------+-------++-------
Melee: Unarmed           |     8 |       ||     8
       Club              |    51 |       ||    51
       Dagger            |    88 |    44 ||   132
       Short sword       |       |   105 ||   105
       Mace              |       |    13 ||    13
Throw: Javelin           |       |     3 ||     3
 Cast: Sandblast         |    16 |    26 ||    42
  Use: Scroll            |     1 |       ||     1
 Stab: Sleeping          |     3 |     2 ||     5
  Eat: Chunk             |     3 |     7 ||    10
Armor: Robe              |    38 |   116 ||   154
Dodge: Dodged            |   106 |   191 ||   297

Table legend:
 A = Non-vault XP
 B = Vault XP
 C = Vault XP percentage of total XP
 D = Non-vault monster count
 E = Vault monster count
 F = Vault count percentage of total count
                 A         B        C        D         E       F
            +---------+---------+-------+---------+---------+-------
      Total |     184 |     310 |  62.8 |      62 |       6 |   8.8
            +---------+---------+-------+---------+---------+-------
        D:1 |      19 |       0 |   0.0 |      11 |       0 |   0.0
        D:2 |     114 |       5 |   4.2 |      35 |       2 |   5.4
        D:3 |      51 |     305 |  85.7 |      16 |       4 |  20.0
            +---------+---------+-------+---------+---------+-------
